SAAA
CALGARY LYNX @ TORTOLITA DRUMMERS
08/18/2020
 
TOP OF THE 1ST
Calgary Lynx batting - Pitching for Tortolita Drummers : RHP Curt Pennington
Pitching: RHP Curt Pennington
Batting: SHB Tom Craft 0-0: Ball
1-0: Swinging Strike
1-1: Ball
2-1: Ball
3-1: Base on Balls
Batting: RHB Jim Browning 0-0: Foul Ball, location: 2F
0-1: Fly out, F6 (Popup, 15)
Batting: RHB Forest Simmons 0-0: Ball
1-0: Called Strike
1-1: Swinging Strike
1-2: Strikes out looking
Batting: LHB Timmy Appeldoorn 0-0: Called Strike
0-1: Ball
1-1: Swinging Strike
1-2: Foul Ball, location: 2F
1-2: Ground out U3 (Groundball, 3)
Top of the 1st over - 0 run(s), 0 hit(s), 0 error(s), 1 left on base; Calgary 0 - Tortolita 0
BOTTOM OF THE 1ST
Tortolita Drummers batting - Pitching for Calgary Lynx : RHP Ricardo González
Pitching: RHP Ricardo González
Batting: RHB Dan Lewis 0-0: Ball
1-0: Ball
2-0: SINGLE (Flyball, 8LS)
Batting: RHB Lonnie Conrad 0-0: Ball
1-0: SINGLE (Groundball, 6MD)
Dan Lewis to second
Runner from 2nd tries for 3rd, SAFE, no throw or cutoff
Batting: LHB Keith Spear 0-0: Called Strike
0-1: Ball
1-1: Ball
2-1: Foul Ball, location: 2F
2-2: Fly out, F7 (Flyball, 7D)
Runner from 3rd tags up, SCORES, no throw
Batting: LHB Pat McJannett 0-0: Ball
1-0: Foul Ball, location: 2F
1-1: Ball
2-1: Fly out, F5 (Popup, 5D)
Batting: SHB Yosuke Kiyomizu 0-0: Ball
1-0: Ball
2-0: Fly out, F3 (Line Drive, 3)
Bottom of the 1st over - 1 run(s), 2 hit(s), 0 error(s), 1 left on base; Calgary 0 - Tortolita 1
TOP OF THE 2ND
Calgary Lynx batting - Pitching for Tortolita Drummers : RHP Curt Pennington
Batting: RHB Pancho Salaedo 0-0: Called Strike
0-1: Called Strike
0-2: SOLO HOME RUN (Flyball, 78XD), Distance : 393 ft
Batting: SHB Vasco Paradela 0-0: Called Strike
0-1: Ball
1-1: Ball
2-1: Ball
3-1: Foul Ball, location: 2F
3-2: Foul Ball, location: 2F
3-2: Strikes out looking
Batting: RHB Pepe Medina 0-0: Swinging Strike
0-1: Foul Ball, location: 2F
0-2: Ball
1-2: Foul Ball, location: 2F
1-2: Foul Ball, location: 2F
1-2: Foul Ball, location: 2F
1-2: Ground out 4-3 (Groundball, 4)
Batting: RHB Wilbur James 0-0: Ball
1-0: Ball
2-0: Ball
3-0: Called Strike
3-1: Foul Ball, location: 2F
3-2: Base on Balls
Batting: RHB Luis Fierro 0-0: Ball
1-0: Called Strike
1-1: Swinging Strike
1-2: Foul Ball, location: 2F
1-2: Ball
2-2: Strikes out swinging
Top of the 2nd over - 1 run(s), 1 hit(s), 0 error(s), 1 left on base; Calgary 1 - Tortolita 1
BOTTOM OF THE 2ND
Tortolita Drummers batting - Pitching for Calgary Lynx : RHP Ricardo González
Batting: RHB Jim Harris 0-0: Swinging Strike
0-1: Ball
1-1: Called Strike
1-2: Ball
2-2: Ball
3-2: Strikes out looking
Batting: LHB Gonzalo Féliz 0-0: Ball
1-0: Ball
2-0: Ball
3-0: Called Strike
3-1: Foul Ball, location: 2F
3-2: Foul Ball, location: 2F
3-2: Ground out 1-3 (Groundball, 23)
Batting: RHB Ray Whittier 0-0: Called Strike
0-1: Swinging Strike
0-2: Ball
1-2: Fly out, F9 (Flyball, 9LMF)
Bottom of the 2nd over - 0 run(s), 0 hit(s), 0 error(s), 0 left on base; Calgary 1 - Tortolita 1
TOP OF THE 3RD
Calgary Lynx batting - Pitching for Tortolita Drummers : RHP Curt Pennington
Batting: SHB Tom Craft 0-0: Called Strike
0-1: Called Strike
0-2: Foul Ball, location: 2F
0-2: Ground out 4-3 (Groundball, 4)
Batting: RHB Jim Browning 0-0: Ball
1-0: Foul Ball, location: 2F
1-1: Ball
2-1: Ball
3-1: Base on Balls
Batting: RHB Forest Simmons 0-0: Foul Ball, location: 2F
0-1: Grounds into double play, 4-6-3 (Groundball, 4)
Top of the 3rd over - 0 run(s), 0 hit(s), 0 error(s), 0 left on base; Calgary 1 - Tortolita 1
BOTTOM OF THE 3RD
Tortolita Drummers batting - Pitching for Calgary Lynx : RHP Ricardo González
Batting: RHB Ron Humboldt 0-0: Ball
1-0: Hit by Pitch
Batting: RHB Dan Lewis 0-0: Called Strike
0-1: Fly out, F8 (Flyball, 8LM)
Batting: RHB Lonnie Conrad 0-0: Foul Ball, location: 2F
0-1: SINGLE (Line Drive, 4)
Ron Humboldt to second
Batting: LHB Keith Spear 0-0: Swinging Strike
0-1: Grounds into double play, 1-4-3 (Groundball, 15S)
Bottom of the 3rd over - 0 run(s), 1 hit(s), 0 error(s), 1 left on base; Calgary 1 - Tortolita 1
TOP OF THE 4TH
Calgary Lynx batting - Pitching for Tortolita Drummers : RHP Curt Pennington
Batting: LHB Timmy Appeldoorn 0-0: Ball
1-0: Ball
2-0: Called Strike
2-1: Ball
3-1: SINGLE (Groundball, 34S)
Batting: RHB Pancho Salaedo 0-0: Swinging Strike
0-1: Ball
1-1: Ball
2-1: Foul Ball, location: 2F
2-2: Foul Ball, location: 2F
2-2: Foul Ball, location: 2F
2-2: Foul Ball, location: 2F
2-2: Foul Ball, location: 2F
2-2: Grounds into double play, 6-4-3 (Groundball, 6)
Batting: SHB Vasco Paradela 0-0: Ball
1-0: Ball
2-0: Foul Ball, location: 2F
2-1: Foul Ball, location: 2F
2-2: Ball
3-2: Base on Balls
Batting: RHB Pepe Medina 0-0: Ball
1-0: Ground out 4-3 (Groundball, 34)
Top of the 4th over - 0 run(s), 1 hit(s), 0 error(s), 1 left on base; Calgary 1 - Tortolita 1
BOTTOM OF THE 4TH
Tortolita Drummers batting - Pitching for Calgary Lynx : RHP Ricardo González
Batting: LHB Pat McJannett 0-0: Ball
1-0: DOUBLE (Flyball, 89XD)
Batting: SHB Yosuke Kiyomizu 0-0: Called Strike
0-1: Ground out 4-3 (Groundball, 4M)
Pat McJannett to third
Batting: RHB Jim Harris 0-0: Ball
1-0: Called Strike
1-1: SINGLE (Line Drive, 56D)
Pat McJannett scores
Batting: LHB Gonzalo Féliz 0-0: Fly out, F7 (Flyball, 7M)
Batting: RHB Ray Whittier 0-0: Called Strike
0-1: Ball
1-1: Called Strike
1-2: Foul Ball, location: 2F
1-2: Ball
Jim Harris steals 2nd base
2-2: Ball
3-2: Fly out, F3 (Popup, 3L)
Bottom of the 4th over - 1 run(s), 2 hit(s), 0 error(s), 1 left on base; Calgary 1 - Tortolita 2
TOP OF THE 5TH
Calgary Lynx batting - Pitching for Tortolita Drummers : RHP Curt Pennington
Batting: RHB Wilbur James 0-0: Ball
1-0: Ball
2-0: Foul Ball, location: 2F
2-1: Foul Ball, location: 2F
2-2: DOUBLE (Line Drive, 7LM)
Batting: RHB Luis Fierro 0-0: Called Strike
0-1: Called Strike
0-2: Strikes out looking
Batting: SHB Tom Craft 0-0: Ball
1-0: Ball
2-0: Ball
3-0: Called Strike
3-1: Base on Balls
Batting: RHB Jim Browning 0-0: Grounds into double play, 6-4-3 (Groundball, 6D)
Top of the 5th over - 0 run(s), 1 hit(s), 0 error(s), 1 left on base; Calgary 1 - Tortolita 2
BOTTOM OF THE 5TH
Tortolita Drummers batting - Pitching for Calgary Lynx : RHP Ricardo González
Batting: RHB Ron Humboldt 0-0: Foul Ball, location: 2F
0-1: Foul Ball, location: 2F
0-2: Ball
1-2: Foul Ball, location: 2F
1-2: Fly out, F8 (Line Drive, 8RXD)
Batting: RHB Dan Lewis 0-0: Called Strike
0-1: Fly out, F5 (Line Drive, 5)
Batting: RHB Lonnie Conrad 0-0: Ball
1-0: Foul Ball, location: 2F
1-1: SINGLE (Groundball, 5L)
Batting: LHB Keith Spear 0-0: Ball
1-0: Swinging Strike
1-1: Ball
2-1: Ball
3-1: Called Strike
3-2: Fly out, F6 (Popup, 6MD)
Bottom of the 5th over - 0 run(s), 1 hit(s), 0 error(s), 1 left on base; Calgary 1 - Tortolita 2
TOP OF THE 6TH
Calgary Lynx batting - Pitching for Tortolita Drummers : RHP Curt Pennington
Batting: RHB Forest Simmons 0-0: Ball
1-0: Called Strike
1-1: Called Strike
1-2: Foul Ball, location: 2F
1-2: Ball
2-2: Ball
3-2: Base on Balls
Batting: LHB Timmy Appeldoorn 0-0: DOUBLE (Flyball, 89XD)
Forest Simmons to third
Batting: RHB Pancho Salaedo 0-0: Foul Ball, location: 2F
0-1: Ball
1-1: Swinging Strike
1-2: Fly out, F9 (Flyball, 9M)
Runner from 3rd tags up, SCORES, throw made
Pitching: RHP Javier Estrada
Batting: SHB Vasco Paradela 0-0: Foul Ball, location: 2F
0-1: Ball
1-1: Foul Ball, location: 2F
1-2: Ball
2-2: Foul Ball, location: 2F
2-2: Ball
3-2: Base on Balls
Batting: RHB Pepe Medina 0-0: Fly out, F4 (Popup, 34)
Batting: RHB Wilbur James 0-0: Hit by Pitch
Timmy Appeldoorn to third
Vasco Paradela to second
Batting: RHB Luis Fierro 0-0: SINGLE (Groundball, 6)
Timmy Appeldoorn scores
Vasco Paradela to third
Wilbur James to second
Throwing error, E7
Vasco Paradela scores
Wilbur James to third
Luis Fierro to second
Batting: SHB Tom Craft 0-0: Ball
1-0: Ball
2-0: Foul Ball, location: 2F
2-1: Ball
3-1: Foul Ball, location: 2F
3-2: Fly out, F4 (Line Drive, 4)
Top of the 6th over - 3 run(s), 2 hit(s), 1 error(s), 2 left on base; Calgary 4 - Tortolita 2
BOTTOM OF THE 6TH
Tortolita Drummers batting - Pitching for Calgary Lynx : RHP Ricardo González
Batting: LHB Pat McJannett 0-0: Called Strike
0-1: Foul Ball, location: 2F
0-2: Fly out, F8 (Flyball, 8LS)
Batting: SHB Yosuke Kiyomizu 0-0: Ball
1-0: Foul Ball, location: 2F
1-1: Ball
2-1: Ball
3-1: Base on Balls
Batting: RHB Jim Harris 0-0: Ball
1-0: Ball
2-0: Called Strike
2-1: Foul Ball, location: 2F
2-2: Ball
3-2: Grounds into double play, 5-4-3 (Groundball, 56)
Bottom of the 6th over - 0 run(s), 0 hit(s), 0 error(s), 0 left on base; Calgary 4 - Tortolita 2
TOP OF THE 7TH
Calgary Lynx batting - Pitching for Tortolita Drummers : RHP Javier Estrada
Batting: RHB Jim Browning 0-0: Fly out, F8 (Line Drive, 8LD)
Batting: RHB Forest Simmons 0-0: Called Strike
0-1: Foul Ball, location: 2F
0-2: SINGLE (Line Drive, 34D)
Batting: LHB Timmy Appeldoorn 0-0: Ball
1-0: Ball
Wild Pitch!
Forest Simmons to second
2-0: Intentional Walk
Batting: RHB Pancho Salaedo 0-0: Called Strike
0-1: Called Strike
0-2: Grounds into double play, 5-4-3 (Groundball, 56)
Top of the 7th over - 0 run(s), 1 hit(s), 0 error(s), 1 left on base; Calgary 4 - Tortolita 2
BOTTOM OF THE 7TH
Tortolita Drummers batting - Pitching for Calgary Lynx : RHP Ricardo González
Batting: LHB Gonzalo Féliz 0-0: Hit by Pitch
Batting: RHB Ray Whittier 0-0: Ball
1-0: Bunted foul
1-1: Ball
2-1: Sac Bunt - play at first, batter OUT! 3-4
Gonzalo Féliz to second
Batting: RHB Ron Humboldt 0-0: Ball
1-0: Ball
2-0: Ball
3-0: Called Strike
3-1: SINGLE (Groundball, 4MD) (infield hit)
Gonzalo Féliz to third
Batting: RHB Dan Lewis 0-0: Ball
1-0: Ball
2-0: Ball
3-0: Called Strike
3-1: Swinging Strike
3-2: Base on Balls
Ron Humboldt to second
Pitching: RHP Millard Kessler
Batting: RHB Lonnie Conrad 0-0: Ball
1-0: Grounds into double play, 6-4-3 (Groundball, 6)
Bottom of the 7th over - 0 run(s), 1 hit(s), 0 error(s), 2 left on base; Calgary 4 - Tortolita 2
TOP OF THE 8TH
Calgary Lynx batting - Pitching for Tortolita Drummers : RHP Javier Estrada
Batting: SHB Vasco Paradela 0-0: Called Strike
0-1: Ball
1-1: Ball
2-1: SINGLE (Groundball, 3D)
Batting: RHB Pepe Medina 0-0: Foul Ball, location: 2F
0-1: Bunted foul
0-2: Grounds into double play, 6-4-3 (Groundball, 6)
Batting: RHB Wilbur James 0-0: Called Strike
0-1: Ball
1-1: Swinging Strike
1-2: Strikes out swinging
Top of the 8th over - 0 run(s), 1 hit(s), 0 error(s), 0 left on base; Calgary 4 - Tortolita 2
BOTTOM OF THE 8TH
Tortolita Drummers batting - Pitching for Calgary Lynx : RHP Millard Kessler
Batting: LHB Keith Spear 0-0: Swinging Strike
0-1: Ball
1-1: Foul Ball, location: 2F
1-2: Fly out, F8 (Flyball, 8RXD)
Batting: LHB Pat McJannett 0-0: Ball
1-0: Called Strike
1-1: Foul Ball, location: 2F
1-2: Foul Ball, location: 2F
1-2: Strikes out swinging
Batting: SHB Yosuke Kiyomizu 0-0: Called Strike
0-1: Foul Ball, location: 2F
0-2: Ball
1-2: Foul Ball, location: 2F
1-2: Ball
2-2: Foul Ball, location: 2F
2-2: Fly out, F9 (Flyball, 89D)
Bottom of the 8th over - 0 run(s), 0 hit(s), 0 error(s), 0 left on base; Calgary 4 - Tortolita 2
TOP OF THE 9TH
Calgary Lynx batting - Pitching for Tortolita Drummers : RHP Javier Estrada
Pitching: LHP Parker Cooke
Batting: RHB Luis Fierro 0-0: Called Strike
0-1: Ball
1-1: Foul Ball, location: 2F
1-2: Foul Ball, location: 2F
1-2: Strikes out swinging
Batting: SHB Tom Craft 0-0: Ground out 5-3 (Groundball, 5S)
Batting: RHB Jim Browning 0-0: Ball
1-0: Called Strike
1-1: Foul Ball, location: 2F
1-2: Ball
2-2: Fly out, F8 (Flyball, 8LM)
Top of the 9th over - 0 run(s), 0 hit(s), 0 error(s), 0 left on base; Calgary 4 - Tortolita 2
BOTTOM OF THE 9TH
Tortolita Drummers batting - Pitching for Calgary Lynx : RHP Millard Kessler
Pitching: RHP Jim Unknown
Now at C: Tom Carlson
Now at 3B: Steve Brewer
Batting: RHB Jim Harris 0-0: Ball
1-0: Ground out 4-3 (Groundball, 4)
Batting: LHB Gonzalo Féliz 0-0: Ball
1-0: Foul Ball, location: 2F
1-1: Ground out 4-3 (Groundball, 4)
Batting: RHB Ray Whittier 0-0: Fly out, F8 (Flyball, 8RM)
Bottom of the 9th over - 0 run(s), 0 hit(s), 0 error(s), 0 left on base; Calgary 4 - Tortolita 2
This league is powered by Out of the Park Baseball, the baseball management simulation game for PC, Mac and Linux
Friday, October 23rd, 2015 - OOTP Baseball 16.9 Build 39